 Dungeon Crawl Stone Soup version 0.30.1-3-gfc49f6343a (webtiles) character file.

Game seed: 1879111912937507562

107 shmup the Firebug (level 4, -4/24 HPs)
             Began as a Tengu Fire Elementalist on July 27, 2023.
             Slain by a gnoll
             ... wielding a +0 halberd
              (10 damage)
             ... on level 4 of the Dungeon.
             The game lasted 00:11:03 (3173 turns).

shmup the Firebug (Tengu Fire Elementalist)         Turns: 3173, Time: 00:11:03

Health: -4/24      AC:  6    Str:  9    XL:     4   Next: 85%
Magic:  8/8        EV: 12    Int: 17    God:
Gold:   241        SH:  0    Dex: 14    Spells: 4/7 levels left

rFire   . . .        e - +0 dagger
rCold   . . .        (no shield)
rNeg    . . .        a - +0 robe
rPois   .            (helmet restricted)
rElec   .            (no cloak)
rCorr   .            (no gloves)
SInv    .            (boots unavailable)
Will    .....        (no amulet)
Stlth   ++           h - +4 ring of protection
HPRegen 0.24/turn    (no ring)
MPRegen 0.11/turn

%: no passive effects
@: no status effects
A: beak, talons 3
a: no special abilities


You were on level 4 of the Dungeon.
You visited 1 branch of the dungeon, and saw 4 of its levels.

You collected 241 gold pieces.

Inventory:

Hand Weapons
 e - a +0 dagger (weapon)
 q - a +1 dagger of draining
Missiles
 c - 22 stones
 i - 6 javelins
 j - 4 boomerangs
 k - 3 poisoned darts
Armour
 a - a +0 robe (worn)
Jewellery
 h - a +4 ring of protection (left hand)
Scrolls
 d - a scroll of brand weapon {unknown}
 g - 2 scrolls of identify
 l - a scroll of vulnerability {unknown}
 p - a scroll of magic mapping {unknown}
Potions
 b - a potion of magic
 f - a potion of brilliance
 m - 2 potions of heal wounds {unknown}
 n - a potion of curing {unknown}
 o - a potion of degeneration {unknown}


   Skills:
 - Level 2.1 Dodging
 - Level 2.0 Stealth
 - Level 2.0 Spellcasting
 + Level 3.5 Conjurations
 * Level 5.2 Fire Magic


You had 4 spell levels left.
You knew the following spells:

 Your Spells              Type           Power      Damage    Failure   Level
a - Foxfire               Conj/Fire      64%        2x1d7     3%          1
b - Scorch                Fire           38%        2d6       3%          2

Your spell library contained the following spells:

 Spells                   Type           Power      Damage    Failure   Level
 Inner Flame              Hex/Fire       10%        N/A       21%         3
 Volatile Blastmotes      Fire/Tloc      20%        2d11      21%         3
 Flame Wave               Conj/Fire      16%        2d7       32%         4
 Tukima's Dance           Hex            1%         N/A       50%         3
 Passage of Golubria      Tloc           1%         N/A       88%         4
 Yara's Violent Unravell  Hex/Tmut       0%         3d3       99%         5


Dungeon Overview and Level Annotations

Branches:
Dungeon (4/15)
 Temple: D:4-7

Altars:
Cheibriados
Wu Jian
Xom


Innate Abilities, Weirdness & Mutations

You have a beak for a mouth.
You have claws for feet.


Message History

The iguana barely misses you.
You hit the iguana. You claw the iguana.
The iguana is almost dead.
The iguana bites you but does no damage.
You hit the iguana but do no damage. You claw the iguana.
You kill the iguana!
Your Fire Magic skill increases to level 5!
You start resting.
HP restored.
Magic restored.
Found a war axe.
o - a bubbling black potion;
p - a scroll labelled OQUCHAOZIN You now have 241 gold pieces (gained 36).
Items here: % ) [.
You see here a +1 dagger of draining.
q - a +1 dagger of draining
Found a stone staircase leading down. 4 gnolls come into view.
A gnoll is wielding a +2 spear of venom.
A gnoll is wielding a +0 whip of flaming.
Found a stone staircase leading up.
Found 7 stones.
A quokka comes into view.
A quokka is nearby!
Casting: Foxfire (safe; 3% risk of failure)
Confirm with . or Enter, or press ? or * to list all spells.
You conjure some foxfire!
The foxfire hits the quokka.
The quokka is severely wounded.
The foxfire hits the quokka.
You kill the quokka!
The gnoll shouts! x4
The gnoll hits you but does no damage. The gnoll hits you with a +0 halberd!
Ouch! That really hurt!
* * * LOW HITPOINT WARNING * * *
Unknown command.
The gnoll misses you. The gnoll hits you with a +0 halberd.
* * * LOW HITPOINT WARNING * * *
The gnoll hits you from afar with a +0 halberd!
You die...

. .(.. .... ▒▒▒ ▒▒..▒ ▒.▒▒▒▒▒▒
▒g▒▒▒...▒ ▒.
▒......▒▒▒..ggg..▒ ▒▒ ▒. ▒
▒▒▒▒▒▒.▒▒.Q▒.▒▒..▒ ▒.. .▒▒
▒.▒▒..▒▒.▒..▒ ▒..▒▒.▒
▒▒▒▒.▒▒▒▒....▒ . ▒▒....
▒...>..▒..▒▒.▒..▒ ▒..▒▒.
▒▒▒▒▒▒▒▒▒....▒.▒▒..▒ ▒.▒▒.
........▒...▒▒....▒▒ ▒....
........▒.▒▒..▒.▒▒..▒ ▒..▒.▒▒
..........▒▒..▒▒.▒..▒ .▒..▒▒.▒
▒▒.▒▒▒▒.▒.▒▒▒▒....▒▒....▒▒....


You could see 4 gnolls.

Vanquished Creatures
  An iguana (D:4)
  An adder (D:2)
  2 worms
  2 dart slugs
  5 ball pythons
  4 endoplasms
  5 giant cockroaches
  5 goblins
  5 hobgoblins
  8 jackals
  2 quokkas
  7 bats
  3 frilled lizards
  3 kobolds
  5 rats
58 creatures vanquished.

Vanquished Creatures (others)
  124 foxfires
124 creatures vanquished.

Grand Total: 182 creatures vanquished

Notes
Turn   | Place    | Note
-------+----------+-------------------------------------------
     0 | D:1      | shmup the Tengu Fire Elementalist began the quest for the
                  | Orb.
     0 | D:1      | Reached XP level 1. HP: 10/10 MP: 4/4
   129 | D:1      | Reached XP level 2. HP: 13/15 MP: 1/6
   338 | D:1      | Reached skill level 4 in Fire Magic
   823 | D:1      | Reached XP level 3. HP: 19/19 MP: 5/7
   826 | D:1      | Learned a level 2 spell: Scorch
  1482 | D:2      | Found a shimmering altar of Xom.
  1999 | D:3      | Reached XP level 4. HP: 24/24 MP: 5/8
  2037 | D:3      | Found an ornate altar of the Wu Jian Council.
  2670 | D:4      | Found a snail-covered altar of Cheibriados.
  3024 | D:4      | Reached skill level 5 in Fire Magic
  3173 | D:4      | Slain by a gnoll

Illustrated notes

Levels and vault maps discovered:
D:1:      heliophobic_arrival_henge, layout_basic
D:2:      layout_loops_ring, basic_altar, minmay_ruptured
D:3:      layout_loops_ring, amcnicky_altar_gilded
D:4:      layout_basic, mainiacjoe_overflow_concentric_impassable, slow_altar_2,
          minitemple, minmay_crystal_room, nicolae_eternal_life,
          hangedman_decor_growths

Skill      XL: |  1  2  3  4 |
---------------+-------------+-----
Conjurations   | 2 3 |  3.5
Fire Magic     | 4 5 |  5.2
Dodging        | |  2.1
Stealth        | |  2.0
Spellcasting   | |  2.0

Action                     |  1- 3 |  4- 6 || total
---------------------------+-------+-------++-------
  Melee: Unarmed           |    13 |       ||    13
         Peck              |     6 |     2 ||     8
         Dagger            |     7 |    15 ||    22
         Kick              |     5 |     2 ||     7
         Punch             |     1 |       ||     1
   Cast: Foxfire           |    50 |    28 ||    78
         Scorch            |     4 |     3 ||     7
    Use: Scroll            |       |     1 ||     1
 Armour: Robe              |    11 |    11 ||    22
  Dodge: Dodged            |    35 |    27 ||    62
